 Dungeon Crawl Stone Soup version 0.26-a0-639-g72c4674329 (webtiles) character file.

Game seed: 9000084248881119843

512038 Lanoc the Slayer (level 25, -1/240 HPs)
             Began as a Hill Orc Artificer on Sept 19, 2020.
             Was the Champion of Cheibriados.
             Slain by an acid blob (14 damage)
             ... created by the Royal Jelly
             ... on level 5 of the Pits of Slime on Sept 20, 2020.
             The game lasted 02:16:20 (68639 turns).

Lanoc the Slayer (Hill Orc Artificer)              Turns: 68639, Time: 02:16:21

Health: -1/240     AC: 36    Str: 35    XL:     25   Next: 57%
Magic:  23/23      EV: 29    Int: 26    God:    Cheibriados [******]
Gold:   2668       SH: 19    Dex: 33    Spells: 21/24 levels left

rFire    + + +     SeeInvis +   G - +18 lance "Wyrmbane" {slay drac, rPois rF+ rC+ AC+3}
rCold    + + .     Faith    .   Z - +1 kite shield {rF+}
rNeg     + . .     Spirit   .   J - +0 shadow dragon scales
rPois    +         Reflect  .   k - +2 hood of the Assassin {Detection Stab+ Stlth++}
rElec    .         Harm     .   o - scarf {rC+ rF+}
rCorr    +         Rampage  .   (no gloves)
MR       ++++.     Clarity  +   b - +2 pair of boots
Stlth    +++++++++.             Y - amulet of the Four Winds {rN+ MR+++ Clar}
HPRegen  0.50/turn              V - ring of Lopon {rCorr SInv}
MPRegen  0.18/turn              D - ring of Robustness {AC+8}

@: very slow
A: hooves 1, subdued magic 1
}: 2/15 runes: barnacled, gossamer
a: Bend Time, Temporal Distortion, Slouch, Step From Time, Renounce Religion


You were on level 5 of the Pits of Slime.
You worshipped Cheibriados.
Cheibriados was exalted by your worship.
You visited 10 branches of the dungeon, and saw 47 of its levels.
You also visited: Sewer, Ice Cave and Volcano.

You collected 6370 gold pieces.
You spent 3702 gold pieces at shops.

Inventory:

Hand Weapons
 G - the +18 lance "Wyrmbane" (weapon) {slay drac, rPois rF+ rC+ AC+3}
   (You took it off an orc wizard on level 11 of the Dungeon)

   It affects your AC (+3).
   It protects you from fire.
   It protects you from cold.
   It protects you from poison.
Missiles
 T - 7 curare-tipped darts (quivered)
Armour
 b - a +2 pair of boots (worn)
 k - the +2 hood of the Assassin (worn) {Detection Stab+ Stlth++}
   (You bought it in a shop on level 14 of the Dungeon)

   It makes you much more stealthy.
 o - a scarf of resistance (worn)
 J - +0 shadow dragon scales (worn)
 R - a +0 tower shield
 Z - a +1 kite shield of fire resistance (worn)
Jewellery
 D - the ring of Robustness (right hand) {AC+8}
   (You bought it in a shop on level 14 of the Dungeon)

   [ring of protection]

   It affects your AC (+8).
 S - the ring of the Kangaroo {MR+ SInv}
   (You found it on level 4 of the Shoals)

   [ring of see invisible]

   It affects your resistance to hostile enchantments.
   It lets you see invisible.
 V - the ring of Lopon (left hand) {rCorr SInv}
   (You found it on level 3 of the Depths)

   [ring of resist corrosion]

   It lets you see invisible.
   It provides partial protection from all sources of acid and corrosion.
 Y - the amulet of the Four Winds (around neck) {rN+ MR+++ Clar}
   (You took it off a tengu reaver on level 2 of the Depths)

   [amulet of nothing]

   It protects you from negative energy.
   It affects your resistance to hostile enchantments.
   It protects you against confusion.
Wands
 c - a wand of flame (16)
 d - a wand of enslavement (19)
 q - a wand of polymorph (65)
 u - a wand of digging (15)
 w - a wand of iceblast (23)
 F - a wand of acid (15)
 H - a wand of paralysis (13)
 W - a wand of disintegration (23)
Scrolls
 a - 6 scrolls of enchant armour
 i - 4 scrolls of blinking
 l - 17 scrolls of remove curse
 p - 7 scrolls of teleportation
 s - 6 scrolls of fog
 y - 5 scrolls of fear
 A - 2 scrolls of summoning
 C - 7 scrolls of magic mapping
 K - 3 scrolls of silence
 L - 7 scrolls of amnesia
 M - a scroll of enchant weapon
 O - 14 scrolls of identify
 X - 4 scrolls of immolation
Potions
 e - 6 potions of lignification
 f - 15 potions of curing
 g - 3 potions of flight
 h - 8 potions of mutation
 n - 10 potions of ambrosia
 r - 4 potions of cancellation
 t - 4 potions of resistance
 z - 5 potions of might
 B - 9 potions of invisibility
 E - 9 potions of stabbing
 I - 2 potions of magic
 N - 5 potions of brilliance
 Q - a potion of heal wounds
Miscellaneous
 j - a phantom mirror
 m - a box of beasts (3/3)
 v - a lightning rod (4/4)
 x - a phial of floods
 P - a phantom mirror


   Skills:
 + Level 22.6 Fighting
   Level 11.9(13.8) Axes
 - Level 10.3(12.0) Polearms
 + Level 21.1 Armour
 + Level 17.0 Dodging
 - Level 13.0 Stealth
 * Level 17.7 Shields
 - Level 12.1 Evocations


You had 21 spell levels left.
You knew the following spells:

 Your Spells              Type           Power        Failure   Level
a - Apportation           Tloc           #.....       24%         1
b - Blink                 Tloc           N/A          34%         2

Your spell library contained the following spells:

 Spells                   Type           Power        Failure   Level
 Animate Skeleton         Necr           #.....       24%         1
 Beastly Appendage        Tmut           #.....       24%         1
 Corona                   Hex            #......      24%         1
 Foxfire                  Conj/Fire      #...         24%         1
 Magic Dart               Conj           #...         24%         1
 Shock                    Conj/Air       #...         24%         1
 Sting                    Tmut/Pois      #...         24%         1
 Summon Small Mammal      Summ           #...         24%         1
 Corpse Rot               Necr/Air       N/A          34%         2
 Ensorcelled Hibernation  Hex/Ice        #.....       34%         2
 Poisonous Vapours        Pois/Air       #.....       34%         2
 Searing Ray              Conj           #.....       34%         2
 Swiftness                Air            #.......     34%         2
 Wereblood                Tmut           #.......     34%         2
 Confusing Touch          Hex            #.......     58%         3
 Conjure Flame            Conj/Fire      #.......     58%         3
 Dazzling Flash           Conj/Hex       #.....       58%         3
 Gell's Gravitas          Tloc           #.........   58%         3
 Ignite Poison            Fire/Tmut/Pois #.......     58%         3
 Lesser Beckoning         Tloc           #.........   58%         3
 Mephitic Cloud           Conj/Pois/Air  #.......     58%         3
 Spider Form              Tmut/Pois      #.........   58%         3
 Static Discharge         Conj/Air       #.......     58%         3
 Summon Guardian Golem    Hex/Summ       #.......     58%         3
 Teleport Other           Tloc           #.......     58%         3
 Tukima's Dance           Hex            #.......     58%         3
 Airstrike                Air            #.........   94%         4
 Cause Fear               Hex            #.........   94%         4
 Fulminant Prism          Conj/Hex       #.........   94%         4
 Ice Form                 Ice/Tmut       #.......     94%         4
 Iskenderun's Mystic Bla  Conj/Tloc      #.......     94%         4
 Olgreb's Toxic Radiance  Pois           #.......     94%         4
 Passage of Golubria      Tloc           N/A          94%         4
 Summon Ice Beast         Ice/Summ       #.......     94%         4
 Alistair's Intoxication  Tmut/Pois      #........    100%        5
 Blade Hands              Tmut           #.........   100%        5
 Bolt of Magma            Conj/Fire/Erth #.........   100%        5
 Fireball                 Conj/Fire      #.........   100%        5
 Iskenderun's Battlesphe  Conj           #.......     100%        5
 Lightning Bolt           Conj/Air       #.........   100%        5
 Silence                  Hex/Air        #.........   100%        5
 Summon Mana Viper        Hex/Summ       #.......     100%        5
 Eringya's Noxious Bog    Tmut/Pois      #.........   100%        6
 Freezing Cloud           Conj/Ice/Air   #.........   100%        6
 Invisibility             Hex            #.......     100%        6
 Iron Shot                Conj/Erth      #.........   100%        6
 Dragon Form              Tmut           #.........   100%        7
 Orb of Destruction       Conj           #.........   100%        7
 Spellforged Servitor     Conj/Summ      #.........   100%        7
 Dragon's Call            Summ           #.........   100%        9


Dungeon Overview and Level Annotations

Branches:
Dungeon (15/15)            Temple (1/1) D:7            Lair (6/6) D:9
 Shoals (4/4) Lair:4       Spider (4/4) Lair:4        Slime (5/5) Lair:6
    Orc (2/2) D:10            Elf (3/3) Orc:2        Vaults (4/5) D:13
  Crypt (0/3) Vaults:2     Depths (3/5) D:15          Sewer (visited)
  IceCv (visited)         Volcano (visited)

Altars:
Ashenzari
Cheibriados
Dithmenos
Elyvilon
Fedhas
Gozag
Hepliaklqana
Kikubaaqudgha
Makhleb
Nemelex Xobeh
Okawaru
Qazlal
Ru
Sif Muna
Trog
Uskayaw
Vehumet
Wu Jian
Xom
Yredelemnul
Zin
The Shining One
Beogh

Shops:
D:5 *?}=   D:7 [   D:8 [   D:10 ?   D:12 (?   D:14 [?==   Orc:2 [?(!?   Elf:3 !
Shoals:3 *[   Vaults:1 *   Vaults:2 [[?   Depths:1 (:!

Portals:
Hell: Depths:1 Depths:2 Depths:3
Abyss: Depths:2
Pandemonium: Depths:1 Depths:3
Ziggurat: Depths:3

Annotations:
D:6 Caleiyous's ghost, novice GrFi
Lair:2 exclusion: 4 oklob plants
Elf:3 Roxanne
Depths:2 2 transporters, Cemoon's ghost, adept HOBe


Innate Abilities, Weirdness & Mutations

You have large cloven feet.
Your spells are a little easier to cast, but a little less powerful.


Message History

The acid blob hits you but does no damage.
The azure jelly is engulfed in blazing flames.
The acid blob completely misses you.
The acid blob is engulfed in blazing flames.
The acid blob spits acid at you. The splash of acid hits you. You resist.
* * * LOW HITPOINT WARNING * * *
You are splashed with acid.
You resist.
* * * LOW HITPOINT WARNING * * *
Your magical effects are unravelling.
You feel magically purged.
You are no longer corroded.
The acid blob spits acid at you. The splash of acid hits you! You resist.
* * * LOW HITPOINT WARNING * * *
You are splashed with acid.
You resist.
* * * LOW HITPOINT WARNING * * *
The azure jelly is engulfed in blazing flames.
The acid blob hits you!
You die...

.............#
..............#
..............#
..............####
.........G.......
............°..#J
.........§○§.○##
.......JJ○§☼.☼.#
.......@JJ☼°○.##
...............##
................##
...........J.....#
#...........J....##
..................#
....................
###.................
..................


You could see 5 acid blobs, an azure jelly and a great orb of eyes.

Vanquished Creatures
  the Royal Jelly (Slime:5)
  2 juggernauts (Depths:3)
  Bai Suzhen (Depths:2)
  4 golden dragons
  The ghost of Zuydaofups the Warrior, an adept DrWn of Gozag (Vaults:1)
  Nikola (Depths:2)
  3 liches
  Jorgrun (Orc:2)
  2 titans (Depths:3)
  Asterion (Vaults:1)
  2 deep elf master archers (Elf:3)
  3 deep elf blademasters
  18 acid blobs
  2 krakens (Shoals:4)
  Polyphemus (Shoals:2)
  A quicksilver dragon (Depths:3)
  4 sphinxes
  3 shadow dragons
  Agnes (Lair:4)
  A storm dragon (Depths:3)
  Ilsuiw (Shoals:2)
  14 azure jellies
  2 tengu reavers
  Kirke (Shoals:4)
  10 frost giants
  8 deep elf sorcerers
  5 vault wardens
  Aizul (Depths:3)
  6 ghost moths
  6 fire giants
  Louise (Lair:4)
  A draconian knight (Vaults:1)
  A ghoul (Vaults:3)
  3 emperor scorpions (Spider:4)
  A juggernaut zombie (Depths:1)
  2 deep elf elementalists (Elf:3)
  A balrug (Depths:3)
  8 stone giants
  A stone giant (shapeshifter) (Vaults:3)
  A war gargoyle (Vaults:1)
  A juggernaut skeleton (Depths:1)
  14 very ugly things
  3 ironheart preservers
  The ghost of p0werm0de the Warrior, a journeyman MiFi of Ru (Orc:2)
  6 entropy weavers
  3 vampire knights
  9 deep elf demonologists
  8 deep elf annihilators (Elf:3)
  A dire elephant (Lair:6)
  A red draconian (Volcano)
  Azrael (Spider:1)
  6 spark wasps
  9 ettins
  Snorg (Lair:3)
  2 merfolk javelineers
  7 merfolk impalers
  A blizzard demon (Depths:3)
  10 fire dragons
  3 deep elf death magi
  9 yaktaur captains
  5 ogre magi
  8 great orbs of eyes
  6 death oozes
  6 deep elf high priests
  8 ice dragons
  7 vault guards
  A quicksilver dragon skeleton (Depths:1)
  2 catoblepae
  3 rakshasas
  Fannar (Lair:2)
  Harold (Lair:2)
  A hell beast (Depths:1)
  4 spriggan air magi
  3 hydras
  12 centaur warriors
  An alligator snapping turtle (Shoals:4)
  17 two-headed ogres
  3 merfolk avatars
  3 death knights
  10 tengu warriors
  30 dancing weapons
  5 deep troll shamans
  7 death yaks
  2 satyrs
  3 deep troll earth magi
  2 vampire magi
  3 hell hogs (Depths:2)
  4 merfolk aquamancers
  An orc high priest (Elf:3)
  11 spriggan berserkers
  Urug (Lair:6)
  21 deep elf knights
  Sonja (Lair:2)
  10 hell knights
  13 deep trolls
  3 sun demons (Depths:3)
  4 soul eaters
  A shadow wraith (Vaults:4)
  13 skeletal warriors
  2 quicksilver dragon simulacra (Depths:3)
  5 wizards
  11 sea snakes
  An unseen horror (shapeshifter) (Vaults:3)
  2 unseen horrors
  3 flayed ghosts
  17 deep elf archers
  20 harpies
  A sphinx zombie (Vaults:1)
  13 ironbrand convokers
  7 glowing orange brains
  5 phantasmal warriors
  27 orb spiders
  44 wolf spiders
  6 necromancers
  18 orc knights
  A wolf spider zombie (D:15)
  36 ugly things
  71 deep elf magi
  16 cyclopes
  A manticore (shapeshifter) (Depths:3)
  13 fauns
  A shining eye (Slime:5)
  13 elephants
  3 orc sorcerers
  8 merfolk sirens
  15 manticores
  13 vault sentinels
  A frost giant skeleton (Depths:1)
  8 rust devils (Depths:3)
  2 moths of wrath
  3 gargoyles
  5 water nymphs
  7 black mambas
  3 torpor snails
  A cane toad (shapeshifter) (Vaults:2)
  9 cane toads
  3 ice statues
  An efreet (Depths:3)
  5 rime drakes
  25 yaktaurs
  6 freezing wraiths
  7 komodo dragons
  3 tengu conjurers
  Duvessa (D:6)
  17 demonic crawlers
  5 ice devils
  6 red devils
  A yaktaur skeleton (Depths:1)
  23 jumping spiders
  6 trolls
  2 queen bees
  7 wind drakes
  21 merfolk
  A tengu simulacrum (Depths:1)
  10 hornets
  5 dream sheep
  A wind drake (shapeshifter) (D:15)
  13 blink frogs
  A frost giant simulacrum (Depths:1)
  124 slime creatures
  12 hippogriffs
  An ice dragon zombie (Depths:1)
  A spriggan zombie (Depths:1)
  6 snapping turtles
  An ettin zombie (Depths:1)
  93 redbacks
  A ynoxinul (Depths:1)
  3 flying skulls (Depths:3)
  3 shadows
  25 tarantellas
  3 air elementals
  4 wyverns
  A vampire (D:9)
  2 spriggans (shapeshifter) (Vaults:2)
  14 water elementals
  6 wraiths
  33 yaks
  3 fire elementals
  2 hogs (Shoals:4)
  A steam dragon (Lair:2)
  5 basilisks
  A golden eye (shapeshifter) (Vaults:4)
  A human (shapeshifter) (Depths:1)
  2 vampire mosquitoes (D:12)
  9 wargs
  2 soldier ants
  An acid dragon (D:13)
  A floating eye (shapeshifter) (Vaults:3)
  A floating eye (Slime:5)
  19 water moccasins
  6 porcupines
  51 orc warriors
  10 hell hounds
  19 ice beasts
  5 sky beasts
  3 black bears
  An eye of draining (Slime:1)
  A hornet zombie (D:13)
  4 ettin simulacra (Depths:3)
  2 phantoms
  9 boggarts
  An orc skeleton (Vaults:1)
  A necrophage (D:6)
  39 centaurs
  16 ogres
  7 wolves
  12 crocodiles
  8 big kobolds
  4 earth elementals
  A yaktaur zombie (Vaults:1)
  17 bullfrogs
  3 human simulacra
  A wyvern zombie (D:7)
  A human skeleton (Vaults:1)
  2 wyvern skeletons
  A scorpion (D:6)
  A water moccasin skeleton (D:8)
  56 killer bees
  4 wights (D:7)
  A howler monkey (D:12)
  16 jellies
  6 centaur zombies
  2 hounds (D:8)
  A bullfrog skeleton (D:5)
  18 orc priests
  4 centaur skeletons
  Jessica (D:3)
  2 iguanas
  28 orc wizards
  13 worker ants
  Natasha (twice) (D:3)
  2 hound skeletons
  A worker ant zombie (D:3)
  Robin (D:4)
  4 gnolls (D:6)
  3 river rats
  15 adders
  A hound simulacrum (D:6)
  A shadow imp (D:8)
  5 white imps
  An ufetubus (D:7)
  6 oozes
  2 adder skeletons (D:7)
  7 worms
  4 leopard geckos
  76 orcs
  5 ball pythons
  A bat (D:3)
  A giant cockroach (D:6)
  11 goblins
  10 hobgoblins
  8 jackals
  12 kobolds
  5 quokkas
  3 frilled lizards
  A jackal skeleton (D:5)
  A leopard gecko skeleton (D:4)
  A leopard gecko zombie (D:6)
  A quokka skeleton (D:5)
  5 rats
  A spectral orc (D:8)
  A crawling corpse (Elf:3)
  5 tentacles (Shoals:4)
2004 creatures vanquished.

Vanquished Creatures (collateral kills)
  Rupert (Vaults:1)
  A tengu warrior (Depths:3)
  A wolf spider (Spider:1)
  A torpor snail (Spider:1)
  A yaktaur (Vaults:1)
  A jumping spider (Spider:1)
  A tarantella (Spider:4)
  A fire elemental (Spider:1)
  2 hell hounds (Spider:1)
  3 ogres
  Dowan (D:6)
  An orc priest (D:8)
  2 orcs (D:8)
17 creatures vanquished.

Vanquished Creatures (others)
  Arachne (Spider:4)
  A fire giant (Depths:1)
  A ghost moth (Spider:4)
  An ironheart preserver (Vaults:1)
  A deep troll (Vaults:1)
  A glowing orange brain (Depths:2)
  A mana viper (shapeshifter) (Depths:3)
  2 ugly things (Depths:2)
  A centaur zombie (D:11)
  A jumping spider (Spider:4)
  A tarantella (Spider:1)
  A redback (Spider:1)
  An ice beast (D:6)
  3 humans
  A crawling corpse (Elf:3)
  33 fungi
  108 plants
  7 tentacles (Shoals:4)
166 creatures vanquished.

Grand Total: 2187 creatures vanquished

Notes
Turn   | Place    | Note
-------+----------+-------------------------------------------
     0 | D:1      | Lanoc the Hill Orc Artificer began the quest for the Orb.
     0 | D:1      | Reached XP level 1. HP: 16/16 MP: 1/1
   421 | D:2      | Reached skill level 1 in Dodging
   421 | D:2      | Reached XP level 2. HP: 3/23 MP: 2/2
   514 | D:2      | Reached XP level 3. HP: 12/29 MP: 3/3
   724 | D:2      | Reached skill level 2 in Fighting
  1461 | D:3      | Reached XP level 4. HP: 23/36 MP: 4/4
  1785 | D:3      | Noticed Natasha
  1792 | D:3      | Killed Natasha
  1792 | D:3      | Reached skill level 1 in Axes
  1802 | D:3      | Noticed Natasha
  1803 | D:3      | Reached XP level 5. HP: 33/42 MP: 5/5
  2120 | D:3      | Found a sacrificial altar of Ru.
  2121 | D:3      | Noticed Jessica
  2125 | D:3      | Killed Jessica
  2302 | D:3      | Killed Natasha
  2302 | D:3      | Reached XP level 6. HP: 10/50 MP: 6/6
  2583 | D:4      | Reached skill level 3 in Fighting
  2740 | D:4      | Noticed Robin
  2753 | D:4      | Killed Robin
  3354 | D:4      | Reached skill level 5 in Evocations
  3354 | D:4      | Reached XP level 7. HP: 57/57 MP: 7/7
  3518 | D:4      | Found a shimmering blue altar of Sif Muna.
  3823 | D:5      | Entered Level 5 of the Dungeon
  3910 | D:5      | Found Piol Qiy's Assorted Antiques.
  3970 | D:5      | Bought a scroll labeled JOGGAO GYJA for 25 gold pieces
  3970 | D:5      | Bought a scroll labeled HUISE QUHAASMIFA for 25 gold pieces
  3970 | D:5      | Bought an amethyst potion for 22 gold pieces
  4655 | D:5      | Got a twisted rapier
  4655 | D:5      | Identified the cursed +1 rapier "Elylu" {venom, rF+++ Int-3
                  | Dex+2} (You found it on level 5 of the Dungeon)
  4697 | D:5      | Found Zepoj's Gadget Shop.
  4698 | D:5      | Found Daarynn's Magic Scroll Shoppe.
  4705 | D:5      | Bought a scroll of teleportation for 39 gold pieces
  4715 | D:5      | Found a white marble altar of Elyvilon.
  4715 | D:5      | Found a glowing golden altar of the Shining One.
  4750 | D:5      | Found Piuteris's Jewellery Boutique.
  4914 | D:6      | Found a runed translucent gate.
  4918 | D:6      | Found a runed translucent gate.
  4919 | D:6      | Found a runed translucent gate.
  4978 | D:6      | Found a glowing drain.
  4997 | D:6      | Reached skill level 4 in Fighting
  5013 | Sewer    | Entered a sewer
  5398 | Sewer    | Reached skill level 5 in Axes
  5398 | Sewer    | Reached XP level 8. HP: 47/66 MP: 8/8
  6576 | D:6      | Reached skill level 5 in Fighting
  6834 | D:6      | Reached skill level 5 in Armour
  7041 | D:6      | Reached XP level 9. HP: 28/74 MP: 9/9
  7396 | D:6      | Noticed Caleiyous's ghost (novice GrFi)
  7658 | D:6      | Noticed Duvessa
  7658 | D:6      | Noticed Dowan
  7704 | D:6      | Killed Dowan
  7746 | D:6      | Killed Duvessa
  8610 | D:7      | Reached skill level 6 in Fighting
  9111 | D:7      | Found Ruextuv's Armour Shoppe.
  9145 | D:7      | Found an opulent altar of Gozag.
  9163 | D:7      | Found a white marble altar of Elyvilon.
  9604 | D:7      | Found a staircase to the Ecumenical Temple.
  9644 | Temple   | Entered the Ecumenical Temple
  9747 | Temple   | Became a worshipper of Cheibriados the Contemplative
 10051 | D:8      | Found an iron altar of Okawaru.
 10127 | D:8      | Found a stormy altar of Qazlal.
 10485 | D:8      | Reached XP level 10. HP: 81/83 MP: 10/10
 10509 | D:8      | Found a glowing silver altar of Zin.
 10509 | D:8      | Found a shimmering altar of Xom.
 10509 | D:8      | Noticed an angel
 10558 | D:8      | Found an ornate altar of the Wu Jian Council.
 10790 | D:8      | Found Vyosung's Antique Armour Shop.
 10907 | D:8      | Found a hazy altar of Hepliaklqana.
 10908 | D:8      | Found a shadowy altar of Dithmenos.
 11245 | D:8      | Found a basalt altar of Yredelemnul.
 11249 | D:8      | Reached * piety under Cheibriados
 11822 | D:9      | Reached skill level 10 in Axes
 11942 | D:9      | Found a staircase to the Lair.
 11975 | D:9      | Reached skill level 7 in Fighting
 12276 | D:9      | Noticed a two-headed ogre
 12287 | D:9      | Killed a two-headed ogre
 12287 | D:9      | Reached skill level 5 in Dodging
 12452 | D:9      | Reached ** piety under Cheibriados
 12726 | D:9      | HP: 1/85 [vampire/+0 dagger (12)]
 13409 | D:10     | Entered Level 10 of the Dungeon
 13665 | D:10     | Found a staircase to the Orcish Mines.
 13673 | D:10     | Found an ancient bone altar of Kikubaaqudgha.
 13781 | D:10     | Found Pigyzan's Magic Scroll Emporium.
 13789 | D:10     | Bought a scroll of identify for 28 gold pieces
 13789 | D:10     | Bought a scroll of summoning for 133 gold pieces
 14497 | D:11     | Noticed a cyclops
 14517 | D:11     | Killed a cyclops
 14517 | D:11     | Reached skill level 8 in Fighting
 14517 | D:11     | Reached skill level 1 in Shields
 14517 | D:11     | Reached XP level 11. HP: 18/94 MP: 11/11
 15283 | D:11     | Reached *** piety under Cheibriados
 15658 | D:11     | Noticed a cyclops
 15670 | D:11     | Killed a cyclops
 15977 | D:11     | Reached skill level 1 in Polearms
 16327 | D:12     | Found Oteumais's Antique Weapon Shop.
 16493 | D:12     | Found Mubai's Magic Scroll Boutique.
 16802 | D:12     | Found a burning altar of Makhleb.
 16916 | D:12     | Noticed a cyclops
 16929 | D:12     | Killed a cyclops
 17176 | D:13     | Noticed a centaur warrior
 17188 | D:12     | Reached **** piety under Cheibriados
 17525 | D:12     | Killed a centaur warrior
 17525 | D:12     | Reached skill level 9 in Fighting
 17661 | D:13     | Noticed a two-headed ogre
 17678 | D:12     | Killed a two-headed ogre
 17678 | D:12     | Reached XP level 12. HP: 72/104 MP: 12/12
 17853 | D:13     | Noticed a two-headed ogre
 18052 | D:13     | Killed a two-headed ogre
 18052 | D:13     | Reached skill level 5 in Polearms
 18489 | D:13     | Noticed a vault guard
 18506 | D:13     | Noticed a vault guard
 18634 | D:13     | Noticed a vault guard
 18870 | D:13     | Noticed a centaur warrior
 18894 | D:13     | Killed a centaur warrior
 18902 | D:13     | Reached ***** piety under Cheibriados
 19148 | D:13     | Killed a vault guard
 19170 | D:13     | Killed a vault guard
 19742 | D:14     | Reached skill level 10 in Fighting
 20140 | D:14     | Found Gasoidea's Jewellery Boutique.
 20173 | D:14     | Reached skill level 10 in Evocations
 20212 | D:14     | Found Wiph's Jewellery Boutique.
 20316 | D:14     | Reached XP level 13. HP: 111/113 MP: 13/13
 20461 | D:14     | Found Begidor's Magic Scroll Shop.
 20537 | D:14     | Found Zuvythruora's Armour Boutique.
 20842 | D:15     | Entered Level 15 of the Dungeon
 20850 | D:15     | Reached skill level 10 in Armour
 20942 | D:15     | Reached ****** piety under Cheibriados
 21117 | D:15     | Reached skill level 11 in Fighting
 21776 | D:15     | Reached skill level 10 in Polearms
 21957 | D:15     | Reached XP level 14. HP: 36/124 MP: 5/14
 22421 | D:15     | Found a staircase to the Depths.
 22799 | Orc:1    | Entered Level 1 of the Orcish Mines
 22843 | Orc:1    | Paralysed by an orc sorcerer for 3 turns
 23240 | D:14     | Bought the +2 hood of the Assassin {Detection Stab+
                  | Stlth++} for 1080 gold pieces
 23240 | D:14     | Found the +2 hood of the Assassin {Detection Stab+ Stlth++}
 23384 | Orc:2    | Entered Level 2 of the Orcish Mines
 23384 | Orc:2    | Found Arafue's Armour Shoppe.
 23429 | Orc:2    | Reached skill level 1 in Stealth
 23510 | Orc:2    | Found a roughly hewn altar of Beogh.
 23693 | Orc:2    | Noticed Jorgrun
 23920 | Orc:2    | Reached skill level 12 in Fighting
 23925 | Orc:2    | Killed Jorgrun
 24202 | Orc:2    | Found a roughly hewn altar of Beogh.
 24239 | Orc:2    | Found a runed translucent door.
 24247 | Orc:2    | Found a staircase to the Elven Halls.
 24471 | Orc:2    | Learned a level 1 spell: Apportation
 24567 | Orc:2    | Noticed p0werm0de's ghost (journeyman MiFi)
 24611 | Orc:2    | Killed p0werm0de's ghost
 24869 | Orc:2    | Found Vakh's Distillery.
 24869 | Orc:2    | Found Irraun's Antique Weapon Emporium.
 24872 | Orc:2    | Found Usuvuthuch's Magic Scroll Shoppe.
 24874 | Orc:2    | Found Koubah's Magic Scroll Boutique.
 25011 | Lair:1   | Entered Level 1 of the Lair of Beasts
 25021 | Lair:1   | You fall into a shaft and drop 1 floor!
 25165 | Lair:2   | Noticed Fannar
 25218 | Lair:2   | Noticed Harold
 25230 | Lair:2   | Killed Harold
 25235 | Lair:2   | Noticed Sonja
 25253 | Lair:1   | Found a dark tunnel.
 25258 | Volcano  | Entered a volcano
 25303 | Volcano  | Noticed a red draconian
 25306 | Volcano  | Killed a red draconian
 25898 | Lair:2   | Killed Sonja
 26172 | Lair:2   | Reached XP level 15. HP: 98/134 MP: 11/15
 26477 | Lair:2   | Killed Fannar
 27165 | Lair:3   | Noticed Snorg
 27170 | Lair:3   | Reached skill level 13 in Fighting
 27170 | Lair:3   | Reached XP level 16. HP: 144/144 MP: 16/16
 27193 | Lair:3   | Killed Snorg
 27193 | Lair:3   | Reached skill level 5 in Stealth
 27947 | Lair:4   | Found a staircase to the Shoals.
 27972 | Lair:4   | Found a hole to the Spider Nest.
 29131 | Lair:6   | Entered Level 6 of the Lair of Beasts
 29146 | Lair:6   | Found a frozen archway.
 29170 | IceCv    | Entered an ice cave
 29313 | IceCv    | Reached skill level 10 in Dodging
 29456 | IceCv    | Got an ancient garnet amulet
 29527 | IceCv    | Identified the amulet of the Lion {Inacc rPois Int+4 SInv}
                  | (You found it in an ice cave)
 29660 | Lair:6   | Noticed Urug
 29672 | Lair:6   | Killed Urug
 29938 | Lair:6   | Found a staircase to the Slime Pits.
 30059 | Lair:6   | Reached skill level 14 in Fighting
 31551 | Spider:1 | Entered Level 1 of the Spider Nest
 31565 | Spider:1 | Noticed Agnes
 31582 | Lair:4   | HP: 1/147 [Agnes/+3 lajatang of pain (40)]
 32036 | Lair:4   | Killed Agnes
 32361 | Spider:1 | Noticed Louise
 32371 | Lair:4   | Reached XP level 17. HP: 117/154 MP: 12/17
 32967 | Lair:4   | Killed Louise
 33312 | Spider:1 | Noticed Azrael
 33344 | Spider:1 | Killed Azrael
 34137 | Spider:1 | Reached skill level 15 in Fighting
 34228 | Spider:1 | Learned a level 2 spell: Blink
 34414 | Spider:1 | Identified the +7 trident of Xucabb {protect, +Rage Int-4
                  | Dex+6} (You found it on level 1 of the Spider Nest)
 37800 | Spider:3 | Reached XP level 18. HP: 166/166 MP: 18/18
 37829 | Spider:4 | Entered Level 4 of the Spider Nest
 38310 | Spider:4 | Reached skill level 16 in Fighting
 38377 | Spider:4 | Reached skill level 15 in Armour
 38837 | Spider:4 | Noticed Arachne
 38858 | Spider:4 | Your ally died
 39398 | Spider:4 | Got a gossamer rune of Zot
 39535 | Spider:4 | Reached skill level 10 in Stealth
 40363 | D:13     | Found a gate to the Vaults.
 40437 | Vaults:1 | Entered Level 1 of the Vaults
 40768 | Vaults:1 | Found the +0 sword of Power
 41123 | Vaults:1 | Found a runed translucent door.
 41123 | Vaults:1 | Noticed Zuydaofups's ghost (adept DrWn)
 41210 | Vaults:1 | Noticed Asterion
 41214 | Vaults:1 | Killed Asterion
 41214 | Vaults:1 | Reached skill level 17 in Fighting
 41240 | Vaults:1 | Found Wyngue's Assorted Antiques.
 41253 | Vaults:1 | Reached XP level 19. HP: 177/177 MP: 19/19
 41299 | Vaults:1 | Bought a scroll labeled QYDOET LIKHI for 33 gold pieces
 41299 | Vaults:1 | Bought a scroll of teleportation for 99 gold pieces
 41299 | Vaults:1 | Bought a scroll of blinking for 247 gold pieces
 41385 | Vaults:1 | Noticed Rupert
 41405 | Vaults:1 | Killed Rupert
 41786 | Vaults:1 | Reached skill level 5 in Shields
 42485 | Vaults:1 | Killed Zuydaofups's ghost
 43311 | Vaults:2 | Found Ynuac's Armour Shop.
 43361 | Vaults:2 | Found a staircase to the Crypt.
 43361 | Vaults:2 | Found an ancient bone altar of Kikubaaqudgha.
 43362 | Vaults:2 | Found a basalt altar of Yredelemnul.
 43375 | Vaults:2 | Found Uriopipa's Magic Scroll Boutique.
 43382 | Vaults:2 | Bought a scroll of teleportation for 51 gold pieces
 44345 | Vaults:2 | Found Ycuhar Ywal's Armour Emporium.
 44781 | Vaults:3 | Reached XP level 20. HP: 103/187 MP: 11/20
 45973 | Vaults:3 | Reached skill level 18 in Fighting
 46326 | Vaults:3 | Reached skill level 10 in Shields
 47315 | Vaults:4 | Got an aquamarine-encrusted leather armour
 47325 | Vaults:4 | Identified the cursed +1 leather armour "Gaebu" {MR+ MP-9
                  | Stlth+} (You found it on level 4 of the Vaults)
 48767 | Depths:1 | Entered Level 1 of the Depths
 48769 | Depths:1 | Found Romu's Book Shop.
 48775 | Depths:1 | Reached XP level 21. HP: 195/195 MP: 21/21
 48977 | Depths:1 | Found a one-way gate leading to the halls of Pandemonium.
 49027 | Depths:1 | Found Yneilus's Weapon Emporium.
 49182 | Depths:1 | Found Ponath's Distillery.
 49187 | Depths:1 | Got a pair of ichor-stained boots
 49197 | Depths:1 | Identified the cursed +0 pair of boots "Sivempes" {Harm}
                  | (You found it on level 1 of the Depths)
 49593 | Depths:1 | Noticed a golden dragon
 49613 | Depths:1 | Killed a golden dragon
 50419 | Depths:1 | Identified the +8 spear of Cuor {vorpal, rF++ SInv}
 50545 | Depths:1 | Found a gateway to Hell.
 51383 | Depths:2 | Noticed Nikola
 51408 | Depths:2 | Killed Nikola
 51408 | Depths:2 | Reached skill level 19 in Fighting
 51750 | Depths:2 | Paralysed by a vampire knight for 5 turns
 52301 | Depths:2 | Identified the +7 quarterstaff "Gilyaxe" {freeze, rC++
                  | MR++} (You found it on level 2 of the Depths)
 52320 | Depths:2 | Noticed Bai Suzhen
 52350 | Depths:2 | Killed Bai Suzhen
 52350 | Depths:2 | Reached XP level 22. HP: 149/205 MP: 22/22
 52524 | Depths:2 | Found a transporter.
 52582 | Depths:2 | Noticed Cemoon's ghost (adept HOBe)
 52585 | Depths:2 | Identified the cursed +3 glaive "Lifulodgh" {distort,
                  | *Contam rF+++ rN+ SInv}
 52610 | Depths:2 | Found a one-way gate to the infinite horrors of the Abyss.
 52617 | Depths:2 | Found a transporter.
 53220 | Depths:3 | Found an iron altar of Okawaru.
 53262 | Depths:3 | Found a snail-covered altar of Cheibriados.
 53711 | Depths:3 | Noticed a golden dragon
 53721 | Depths:3 | Killed a golden dragon
 53757 | Depths:3 | Found an ornate altar of the Wu Jian Council.
 54191 | Depths:3 | Got a bound lead ring
 54287 | Depths:3 | Identified the ring of Lopon {rCorr SInv} (You found it on
                  | level 3 of the Depths)
 54446 | Depths:3 | Noticed a juggernaut
 54468 | Depths:3 | Killed a juggernaut
 54718 | Depths:3 | Noticed a juggernaut
 54750 | Depths:3 | Killed a juggernaut
 54750 | Depths:3 | Reached skill level 15 in Shields
 54803 | Depths:3 | Found a shimmering altar of Xom.
 54805 | Depths:3 | Found a gateway to a ziggurat.
 54845 | Depths:3 | Noticed a golden dragon
 54851 | Depths:3 | Killed a golden dragon
 55167 | Depths:3 | Noticed Aizul
 55172 | Depths:3 | Noticed a golden dragon
 55666 | Depths:3 | Killed a golden dragon
 55671 | Depths:3 | Reached skill level 20 in Fighting
 55858 | Depths:3 | Reached skill level 15 in Dodging
 55861 | Depths:3 | Identified the +7 shortbow of Ragnarok {freeze, +Inv rF+
                  | Str-5 SInv}
 56057 | Depths:3 | Reached XP level 23. HP: 181/215 MP: 23/23
 56201 | Depths:3 | Killed Aizul
 56621 | D:14     | Bought the ring of Robustness {AC+8} for 1920 gold pieces
 56621 | D:14     | Found the ring of Robustness {AC+8}
 56833 | Elf:1    | Entered Level 1 of the Elven Halls
 58398 | Elf:2    | Found a runed translucent gate.
 58401 | Elf:2    | Found a runed translucent gate.
 58402 | Elf:2    | Found a runed translucent gate.
 59128 | Elf:2    | Reached skill level 21 in Fighting
 59224 | Elf:3    | Entered Level 3 of the Elven Halls
 59371 | Elf:3    | Found Volyif's Distillery.
 59414 | Elf:3    | Identified Roxanne's Grimoire of Stones
 59414 | Elf:3    | Noticed Roxanne
 59653 | Elf:3    | Identified the +4 quarterstaff "Zaotiw" {drain, rElec} (You
                  | found it on level 3 of the Elven Halls)
 60435 | Elf:3    | Reached XP level 24. HP: 205/228 MP: 23/23
 61497 | Elf:3    | Identified the Incunabulum of Burning Shape Shifting
 61509 | Elf:3    | Identified the Volume of the Birds and Calling
 61529 | Elf:3    | Got a pair of twisted boots
 61540 | Elf:3    | Identified the cursed +0 pair of boots of Dogma {*Contam
                  | rF+ rC+ Dex+3} (You found it on level 3 of the Elven Halls)
 61555 | Elf:3    | Gained mutation: You have large cloven feet. [mutagenic
                  | glow]
 61560 | Elf:3    | Got a warped plate armour
 61571 | Elf:3    | Identified the +9 plate armour "Elom" {Rampage rF- rN++}
                  | (You found it on level 3 of the Elven Halls)
 61848 | Shoals:1 | Entered Level 1 of the Shoals
 62082 | Shoals:1 | Identified the +2 hat of Kikubaaqudgha {rN+ Int+2} (You
                  | found it on level 1 of the Shoals)
 62584 | Shoals:2 | Identified the +3 ring mail of the Six Artists {rN+ Dex+4}
                  | (You found it on level 2 of the Shoals)
 62678 | Shoals:2 | Noticed Polyphemus
 62717 | Shoals:2 | Killed Polyphemus
 63226 | Shoals:2 | Noticed Ilsuiw
 63288 | Shoals:2 | Killed Ilsuiw
 63391 | Shoals:3 | Found Sida's General Store.
 63580 | Shoals:3 | Found Qeag's Armour Shop.
 64137 | Shoals:4 | Entered Level 4 of the Shoals
 64294 | Shoals:4 | Reached skill level 22 in Fighting
 64378 | Shoals:4 | Got an ancient golden ring
 64380 | Shoals:4 | Identified the ring of the Kangaroo {MR+ SInv} (You found
                  | it on level 4 of the Shoals)
 64831 | Shoals:4 | Got a polished chain mail
 64841 | Shoals:4 | Identified the +1 chain mail of the Solstice {Int+2} (You
                  | found it on level 4 of the Shoals)
 64875 | Shoals:4 | Noticed Kirke
 64889 | Shoals:4 | Killed Kirke
 65160 | Shoals:4 | Got a barnacled rune of Zot
 65502 | Slime:1  | Entered Level 1 of the Pits of Slime
 65727 | Slime:1  | Reached XP level 25. HP: 136/238 MP: 12/23
 68556 | Slime:5  | Entered Level 5 of the Pits of Slime
 68606 | Slime:5  | Noticed the Royal Jelly
 68629 | Slime:5  | Gained mutation: Your spells are a little easier to cast,
                  | but a little less powerful. [a shining eye]
 68637 | Slime:5  | Killed the Royal Jelly
 68639 | Slime:5  | Slain by an acid blob

Illustrated notes

Levels and vault maps discovered:
D:1:      dpeg_arrival_snail, layout_basic
D:2:      layout_loops_cross
D:3:      layout_basic, nicolae_ru_awakened_eye, uniq_natasha, uniq_jessica
D:4:      layout_cave_pods, overflow_temple_1_default, uniq_robin
D:5:      layout_loops_corners, amethyst_overflow_temple_binary, serial_shops,
          shop, shop, nicolae_shop_stone, nicolae_shop_statue_plus
D:6:      layout_loops_corners, cheibrodos_sewer_entry_bend,
          gammafunk_ghost_icy, st_stairs_10, uniq_duvessa
D:7:      layout_cave_pools, nicolae_gozag_seed_capital,
          minmay_temple_entry_arrows, basic_altar, serial_shops, shop
D:8:      layout_loops_ring, grunt_temple_overflow_order_and_chaos_1,
          riverfiend_overflow_shadow_ancestor, kennysheep_little_box,
          nicolae_overflow_crystal_walls, lemuel_crystal_altar,
          yredelemnul_forgotten_temple_becter, serial_shops, shop,
          kennysheep_generic_room_3
D:9:      layout_loops_ring, grunt_lair_entry_orc_guard_hut,
          kennysheep_generic_room_11
D:10:     layout_cave_pools, orc_0_dummy, serial_shops, nicolae_shop_crystal,
          tgw_kikubaaqudgha
D:11:     layout_loops_ring
D:12:     layout_basic, serial_shops,
          nicolae_shop_temple_entry_statues_fountains, shop, basic_altar
D:13:     layout_rooms, grunt_vaults_entry_fortified
D:14:     layout_roguey, serial_shops, shop, shop,
          nicolae_shop_competitors_out_of_business,
          nicolae_shop_window_shopping, kennysheep_nondescript
D:15:     grunt_enter_depths_hoard, layout_loops_ring, nicolae_water_bricks
Temple:   dpeg_three_leaves_temple
Lair:1:   layout_cave_shapes, special_room [special_room_bee],
          nicolae_volcano_entry_two_sided
Lair:2:   hangedman_what_comes_after_a, layout_chaotic_city, uniq_fannar,
          uniq_harold, uniq_sonja
Lair:3:   layout_chaotic_city, beast_lair_carwin_2, grunt_megastairs_2,
          uniq_snorg
Lair:4:   layout_loops_ring, shoals_dummy_entry, spider_nest_entry_funnel_web,
          lemuel_fruit_tree, infiniplex_staircase_pool_2
Lair:5:   layout_regular_city, infiniplex_staircase_pool
Lair:6:   grunt_lair_end_beastmaster, layout_layer_cave,
          minmay_slime_entry_jelly_boxes, portal_ice_cave_demonic_guard,
          grunt_megastairs_3, uniq_urug
Shoals:1: layout_shoals
Shoals:2: layout_shoals, st_cyclops, uniq_ilsuiw, uniq_polyphemus
Shoals:3: layout_shoals, serial_shops, nicolae_shop_window_shopping,
          nicolae_shop_trees
Shoals:4: shoals_end_hangedman, layout_shoals, uniq_kirke
Spider:1: layout_spider_delve, nicolae_spider_nook, uniq_azrael, uniq_agnes,
          uniq_louise
Spider:2: cheibrodos_spider_silkery
Spider:3: layout_spider_delve, worms_lemuel
Spider:4: johnstein_spider_rune_arachne_lair
Slime:1:  layout_caves
Slime:2:  layout_caves
Slime:3:  layout_caves
Slime:4:  layout_caves, cheibrodos_slime_lost_civilization_6
Slime:5
Orc:1:    layout_diamond_mine, guppyfry_library_mini
Orc:2:    st_orc_rangers, layout_caves, serial_shops, shop, basic_altar,
          ebering_ghost_reflecting_pool, mines1_david, uniq_jorgrun
Elf:1:    layout_loops_corners, minivault_28
Elf:2:    layout_geoelf_octagon, hangedman_elf_simple_split,
          minmay_misc_feat_columns
Elf:3:    elf_hall, layout_loops_cross, serial_shops, nicolae_shop_crystal,
          uniq_roxanne
Vaults:1: ebering_vaults_ghost_inner_flame, grunt_vaults_swirl,
          nicolae_vaults_network_square, ontoclasm_vaults_eye, sword_in_stone,
          vaults_room_fancy_cross, nicolae_vaults_little_squares_3,
          vaults_room_pool, v_misc_22, layout_vaults_ring, serial_shops,
          nicolae_shop_crystal, uniq_asterion
Vaults:2: nicolae_vaults_specimen_jars, nicolae_vaults_network_star,
          minmay_crypt_entry_necro_gods, ontoclasm_vaults_fault, v_rooms_1,
          v_misc_27, vaults_room_fancy_cross, layout_vaults_omnigrid,
          serial_shops, shop_fountains, nicolae_shop_statue_plus, shop
Vaults:3: nicolae_vaults_triangles, vaults_mumra_hex, hangedman_vaults_trim,
          st_diamondy, vaults_room_fancy_cross, v_misc_32, v_misc_14,
          ontoclasm_vaults_bender, v_misc_4, hangedman_vaults_stagger,
          nicolae_vaults_back_hallway, ontoclasm_vaults_ligature,
          nicolae_vaults_little_squares_4, layout_vaults_maze
Vaults:4: nicolae_vaults_little_squares_2, v_alt_pattern_4,
          nicolae_vaults_big_angled_halls, ontoclasm_vaults_twist, v_misc_28,
          v_alt_pattern_6, hangedman_vaults_stretched_pinwheel,
          vaults_dpeg_spiral, vaults_room_stairs_pillars, v_misc_27,
          vaults_mumra_minichess, layout_vaults_big_room
Depths:1: evilmike_diamond_2, layout_long_grid, rand_demon_pan_entry_4,
          grunt_decor_cap, serial_shops, nicolae_shop_statue_plus,
          nicolae_shop_waterfront, nicolae_shop_statue_plus, hell_entry,
          minmay_misc_feat_plants, kennysheep_generic_room_2
Depths:2: minmay_mutant_horseshoe, layout_basic, grunt_hell_horde,
          gammafunk_ghost_abyssal_escape, minmay_misc_feat_square,
          uniq_bai_suzhen, uniq_nikola
Depths:3: grunt_profane_halls [grunt_profane_temple_geh,
          grunt_profane_temple_tar, grunt_profane_temple_dis,
          grunt_profane_temple_coc, grunt_profane_loot], hell_entry, pan_entry,
          uniq_aizul

Skill      XL: |  1  2  3  4  5  6  7  8  9 10 11 12 13 14 15 16 17 18 19 20 21 22 23 24 25 |
---------------+----------------------------------------------------------------------------+-----
Dodging        | 1 2 3 4 5 6 7 8 9 10 11 12 13 14 15 16 17 | 17.0
Fighting       | 2 3 4 5 6 8 9 10 11 12 13 14 15 17 18 19 20 21 22 | 22.6
Axes           | 1 2 3 5 7 9 11 | 11.9
Evocations     | 4 5 6 7 8 9 10 11 12 | 12.1
Armour         | 3 4 5 6 7 8 9 10 11 12 13 14 15 16 17 18 19 20 21 | 21.1
Shields        | 1 3 4 8 11 13 15 16 17 | 17.7
Polearms       | 4 7 10 | 10.3
Stealth        | 3 4 7 9 10 11 12 13 | 13.0

Action                   |  1- 3 |  4- 6 |  7- 9 | 10-12 | 13-15 | 16-18 | 19-21 | 22-24 | 25-27 || total
-------------------------+-------+-------+-------+-------+-------+-------+-------+-------+-------++-------
Melee: Club              |    21 |       |       |       |       |       |       |       |       ||    21
       Dagger            |    58 |     7 |       |       |       |       |       |       |       ||    65
       War axe           |       |   106 |       |       |       |       |       |       |       ||   106
       Unarmed           |       |    13 |       |       |       |       |       |       |       ||    13
       Hand axe          |       |     4 |   470 |   366 |       |       |       |       |       ||   840
       Lance             |       |       |       |   478 |  1168 |  1976 |  2055 |  2282 |   512 ||  8471
Throw: Dart              |       |       |       |     2 |       |       |       |       |       ||     2
 Cast: Blink             |       |       |       |       |       |       |       |       |     1 ||     1
Evoke: Wand              |    13 |       |    14 |    15 |     4 |    20 |     4 |     2 |       ||    72
       Lightning rod     |       |       |       |       |       |     8 |       |       |       ||     8
       Box of beasts     |       |       |       |       |       |       |       |     1 |       ||     1
  Use: Potion            |     1 |       |     2 |     6 |     1 |     5 |     2 |     4 |     1 ||    22
       Scroll            |       |       |     4 |     9 |    14 |     9 |     9 |    11 |     2 ||    58
 Stab: Sleeping          |       |       |     3 |     3 |    18 |    53 |    73 |    93 |    19 ||   262
       Paralysed         |       |       |     4 |     6 |       |       |       |       |       ||    10
       Distracted        |       |       |     1 |       |     1 |    12 |    12 |    18 |       ||    44
       Held in net/web   |       |       |       |       |       |     2 |       |       |       ||     2
       Petrified         |       |       |       |       |       |       |       |     1 |       ||     1
Armor: Leather armour    |    24 |    19 |    35 |    27 |       |       |       |       |       ||   105
       Skin              |       |     2 |       |       |       |       |       |       |       ||     2
       Pearl dragon scal |       |       |       |   118 |   135 |   524 |   219 |       |       ||   996
       Shadow dragon sca |       |       |       |       |       |       |    15 |   301 |   113 ||   429
Dodge: Dodged            |    49 |   143 |   334 |   520 |   588 |  1896 |   839 |   887 |   252 ||  5508
Block: Buckler           |       |       |       |   129 |   252 |   625 |     1 |       |       ||  1007
       Kite shield       |       |       |       |       |       |       |   783 |  1124 |   365 ||  2272

Table legend: (Time is in decaauts)
 A = Elapsed time spent in this place.
 B = Non-inter-level travel time spent in this place.
 C = Inter-level travel time spent in this place.
 D = Time resting spent in this place.
 E = Time spent auto-exploring this place.
 F = Levels seen in this place.
 G = Mean time per level.
                   A        B        C        D        E       F      G
               +--------+--------+--------+--------+--------+-----+--------+
         Total |  88015 |  83095 |   4920 |   8768 |  58412 |  50 | 1760.3 |
       Dungeon |  25691 |  23772 |   1919 |   3280 |  16970 |  15 | 1712.7 |
        Temple |    115 |    105 |     10 |      0 |     67 |   1 |  115.0 |
          Lair |  11450 |  10424 |   1026 |   1249 |   7391 |   6 | 1908.3 |
        Shoals |   5346 |   5042 |    304 |      0 |   3680 |   4 | 1336.5 |
   Spider Nest |   8736 |   8537 |    199 |    916 |   5867 |   4 | 2184.0 |
    Slime Pits |   3969 |   3883 |     86 |    499 |   2775 |   5 |  793.8 |
  Orcish Mines |   2659 |   2345 |    314 |    377 |   1511 |   2 | 1329.5 |
   Elven Halls |   6733 |   6496 |    237 |    877 |   4038 |   3 | 2244.3 |
        Vaults |  11182 |  10777 |    405 |    739 |   7908 |   4 | 2795.5 |
        Depths |   9632 |   9216 |    416 |    795 |   6441 |   3 | 3210.7 |
         Sewer |   1505 |   1505 |      0 |      0 |   1220 |   1 | 1505.0 |
      Ice Cave |    647 |    647 |      0 |     36 |    297 |   1 |  647.0 |
       Volcano |    345 |    345 |      0 |      0 |    245 |   1 |  345.0 |
               +--------+--------+--------+--------+--------+-----+--------+

Top non-repeatable levels by time:
Depths:3: 3756 daAuts
  Lair:4: 3345 daAuts
Depths:2: 3200 daAuts
   Elf:3: 3168 daAuts
Vaults:3: 2980 daAuts
Vaults:1: 2932 daAuts
  Lair:6: 2834 daAuts
Vaults:2: 2712 daAuts
    D:12: 2675 daAuts
Depths:1: 2675 daAuts
Vaults:4: 2556 daAuts
Spider:4: 2531 daAuts
Spider:2: 2510 daAuts
     D:6: 2329 daAuts
     D:9: 2320 daAuts
